 Dungeon Crawl Stone Soup version 0.27.1-35-g4d5d836560 (webtiles) character file.

Game seed: 755985305870076003

295 Froggeryz the Cutter (level 6, -1/44 HPs)
             Began as an Octopode Berserker on Sept 21, 2022.
             Was a Believer of Trog.
             Succumbed to a hornet's poison
             ... on level 5 of the Dungeon.
             The game lasted 00:03:25 (3616 turns).

Froggeryz the Cutter (Octopode Berserker)           Turns: 3616, Time: 00:03:26

Health: -1/44      AC:  2    Str: 17    XL:     6   Next: 34%
Magic:  6/6        EV: 13    Int:  9    God:    Trog [**....]
Gold:   18         SH:  0    Dex: 13    Spells: 5/5 levels left

rFire    . . .     SeeInvis .   a - +1 short sword (freeze)
rCold    . . .     Faith    .   (no shield)
rNeg     . . .     Spirit   .   e - +1 hat
rPois    .         Reflect  .   (no amulet)
rElec    .         Harm     .   (no ring)
rCorr    .         Rampage  .   (no ring)
Will     .....                  (no ring)
Stlth    ++........             (no ring)
HPRegen  0.14/turn              (no ring)
MPRegen  0.10/turn              (no ring)
                                (no ring)
                                (no ring)

@: lethally poisoned (-1 -> -27), slowed, very slow
A: almost no armour, amphibious, 8 rings, camouflage 1, gelatinous body 1,
(nimble swimmer 1), tentacles
a: Renounce Religion, Berserk, Trog's Hand


You were on level 5 of the Dungeon.
You worshipped Trog.
Trog was pleased with you.
You visited 1 branch of the dungeon, and saw 5 of its levels.

You collected 150 gold pieces.
You spent 132 gold pieces at shops.

Inventory:

Hand Weapons
 a - a +1 short sword of freezing (weapon)
Missiles
 j - 7 javelins
 q - 23 poisoned darts (quivered)
Armour
 e - a +1 hat (worn)
 r - a +0 buckler
Wands
 b - a wand of iceblast (5)
Scrolls
 k - a scroll of immolation
 n - a scroll of enchant armour {unknown}
 o - a scroll of teleportation
 s - a scroll of fog {unknown}
Potions
 d - 2 potions of heal wounds {unknown}
 f - 3 potions of curing {unknown}
 g - 2 potions of cancellation {unknown}
 h - a potion of lignification {unknown}
 i - 2 potions of mutation {unknown}
 l - a potion of attraction {unknown}
 m - 2 potions of berserk rage {unknown}
 p - 2 potions of degeneration {unknown}


   Skills:
 - Level 4.5 Fighting
 + Level 5.9 Short Blades
 - Level 3.0 Dodging
 * Level 0.2 Shields


You had 5 spell levels left.
You didn't know any spells.
Your spell library was empty.

Dungeon Overview and Level Annotations

Branches:
Dungeon (5/15)
 Temple: D:4-7

Altars:
Elyvilon
Zin

Shops:
D:2 *   D:3 :[=   D:4 [

Annotations:
D:5 Blork the orc


Innate Abilities, Weirdness & Mutations

You cannot wear most types of armour.
You are amphibious.
You can wear up to eight rings at the same time.
Your skin changes colour to match your surroundings (Stealth+).
Your rubbery body absorbs attacks. (AC +1, EV +1)
((You are camouflaged near water. (Stealth+)))
You have tentacles for arms and can constrict up to eight enemies at once.


Message History

2 orcs come into view.
The orc shouts!
You hear an angry hiss.
You hear an angry buzzing noise.
An orc comes into view.
It is wielding a +0 whip and quivering boomerangs of dispersal.
The orc moves out of view.
There are monsters nearby!
Found a short sword.
A hornet comes into view.
Found a scroll of brand weapon.
The orc shouts!
Blork the orc comes into view.
He is wielding a +0 mace.
An iguana comes into view.
The orc hits you with a +0 dagger.
Blork the orc shouts!
You hit the orc. You freeze the orc. Your grab misses the orc.
The orc is almost dead.
The orc hits you with a +0 dagger.
You barely miss the orc. Your grab misses the orc. You squeeze the orc.
You kill the orc!
Trog accepts your kill.
The orc throws a boomerang of dispersal.
The boomerang of dispersal completely misses you.
You hit the hornet but do no damage. You grab the hornet.
You squeeze the hornet.
The hornet is lightly wounded.
You constrict the hornet. The hornet stings you!
You suddenly lose the ability to move!
You lose your grip on the hornet.
Blork the orc miscasts a cantrip.
The hornet stings you!
You are poisoned.
You feel yourself slow down. The orc hits you but does no damage.
The hornet stings you!
* * * LOW HITPOINT WARNING * * *
You are more poisoned.
You feel as though you will be slow longer.
You can move again.
As you read the scroll of fear, it crumbles to dust.
You assume a fearsome visage.
Blork the orc looks frightened!
The iguana resists with some effort.
The orc looks frightened! x2
The hornet looks frightened!
You die...

### ### #.##### ##.#
#.....######.##
#.......##...#
#...........###
#.............##########
................)oo.....
#...............@yl.....
##...............o....?.
##<....................
###....######..<......
###### ##....)...
##....... #...... #.....


You could see a hornet (fleeing), Blork the orc (fleeing), an iguana and 2 orcs.

Vanquished Creatures
  A phantom (D:3)
  3 orc priests (D:4)
  6 adders
  An ufetubus (D:4)
  5 orcs
  6 ball pythons
  3 bats
  12 endoplasms
  2 giant cockroaches
  4 goblins
  5 hobgoblins
  4 quokkas
  3 frilled lizards
  7 kobolds
  4 rats
66 creatures vanquished.

Notes
Turn   | Place    | Note
-------+----------+-------------------------------------------
     0 | D:1      | Froggeryz the Octopode Berserker began the quest for the
                  | Orb.
     0 | D:1      | Reached XP level 1. HP: 16/16 MP: 1/1
   124 | D:1      | Reached XP level 2. HP: 21/21 MP: 2/2
   405 | D:1      | Found a faded altar of an unknown god.
   498 | D:2      | Reached XP level 3. HP: 16/26 MP: 3/3
  1086 | D:2      | Found Dyideso Jum's Assorted Antiques.
  1100 | D:2      | Reached skill level 4 in Short Blades
  1110 | D:2      | Bought a scroll labelled KOTEQITIL for 33 gold pieces
  1329 | D:3      | Found Xominyl's Book Shoppe.
  1346 | D:3      | Reached ** piety under Trog
  1347 | D:3      | Reached XP level 4. HP: 23/32 MP: 4/4
  1443 | D:3      | Found Vasisargh's Antique Armour Shoppe.
  1596 | D:3      | Found Ellet's Jewellery Shoppe.
  2133 | D:3      | Noticed a phantom
  2151 | D:3      | Killed a phantom
  2152 | D:3      | Reached skill level 5 in Short Blades
  2152 | D:3      | Reached XP level 5. HP: 20/37 MP: 5/5
  2571 | D:4      | Found a glowing silver altar of Zin.
  2617 | D:4      | Found Qailyh's Armour Shop.
  2709 | D:4      | Reached XP level 6. HP: 15/44 MP: 6/6
  3097 | D:3      | Bought a buckler for 99 gold pieces
  3548 | D:4      | Found a white marble altar of Elyvilon.
  3586 | D:5      | Entered Level 5 of the Dungeon
  3610 | D:5      | Noticed a hornet
  3610 | D:5      | Noticed Blork the orc
  3614 | D:5      | Paralysed by a hornet for 1 turns
  3616 | D:5      | Succumbed to a hornet's poison

Illustrated notes

Levels and vault maps discovered:
D:1:      wander_arrival_desolate, layout_basic,
          dreamdust_ecumenical_altar_hidden_monk_grotto
D:2:      layout_loops_ring, serial_shops, shop
D:3:      layout_basic, serial_shops, shop, shop, shop,
          minmay_increasing_density
D:4:      layout_basic, amcnicky_altar_gilded, marbit_many_paths, serial_shops,
          nicolae_take_the_stairs
D:5:      layout_layer_cave, minmay_shop_damaged, minmay_misc_feat_rugged,
          minivault_25, uniq_grinder, uniq_blork_the_orc

Skill      XL: |  1  2  3  4 |
---------------+-------------+-----
Short Blades   | 4 5 |  5.9
Fighting       | 4 |  4.5
Dodging        | |  3.0
Shields        | |  0.2

Action                   |  1- 3 |  4- 6 || total
-------------------------+-------+-------++-------
Melee: Short sword       |    64 |    92 ||   156
       Tentacles         |    17 |    13 ||    30
       Constrict         |    14 |    15 ||    29
Invok: Berserk           |       |     2 ||     2
  Use: Scroll            |     3 |     5 ||     8
 Stab: Sleeping          |     7 |     8 ||    15
Armor: Skin              |     6 |     4 ||    10
Dodge: Dodged            |    33 |    44 ||    77
